 Dungeon Crawl Stone Soup version 0.29.1-1-gd02db6906a (webtiles) character file.

Game seed: 16276734687945718906

50 safid the Shooter (level 3, -4/31 HPs)
             Began as a Minotaur Hunter on Oct 21, 2022.
             Slain by a worm (11 damage)
             ... on level 2 of the Dungeon.
             The game lasted 00:02:01 (803 turns).

safid the Shooter (Minotaur Hunter)                  Turns: 803, Time: 00:02:01

Health: -4/31      AC:  3    Str: 15    XL:     3   Next: 55%
Magic:  2/2        EV: 16    Int:  6    God:
Gold:   70         SH:  0    Dex: 15    Spells: 2/2 levels left

rFire   . . .      SeeInvis .   a - +0 shortbow
rCold   . . .      Faith    .   (shield currently unavailable)
rNeg    . . .      Spirit   .   c - +0 leather armour
rPois   .          Reflect  .   (helmet restricted)
rElec   .          Harm     .   (no cloak)
rCorr   .          Rampage  .   (no gloves)
Will    .....                   (no boots)
Stlth   +.........              (no amulet)
HPRegen 0.10/turn               j - +4 ring of evasion
MPRegen 0.08/turn               (no ring)

@: no status effects
A: horns 2, retaliatory headbutt
a: no special abilities


You were on level 2 of the Dungeon.
You visited 1 branch of the dungeon, and saw 2 of its levels.

You collected 70 gold pieces.

Inventory:

Hand Weapons
 a - a +0 shortbow (weapon)
Armour
 c - a +0 leather armour (worn)
Jewellery
 j - a +4 ring of evasion (left hand)
Scrolls
 b - 2 scrolls of immolation
 f - 3 scrolls of identify {unknown}
 h - a scroll of teleportation {unknown}
Potions
 d - a potion of attraction {unknown}
 e - 2 potions of curing {unknown}
 g - a potion of haste {unknown}
 i - a potion of heal wounds {unknown}


   Skills:
 - Level 3.0 Fighting
 + Level 5.6 Ranged Weapons
 - Level 2.1 Dodging
 - Level 0.7 Stealth


You had 2 spell levels left.
You didn't know any spells.
Your spell library was empty.

Dungeon Overview and Level Annotations

Branches:
Dungeon (2/15)

Altars:


Innate Abilities, Weirdness & Mutations

You have a pair of horns on your head.
You reflexively headbutt those who attack you in melee.


Message History

You furiously retaliate!
You headbutt the adder, but do no damage.
The adder closely misses you. You furiously retaliate!
You headbutt the adder. The worm bites you.
You shoot an arrow.
The arrow hits the adder but does no damage.
The adder is heavily wounded.
The adder misses you. The worm bites you! The adder bites you.
You shoot an arrow. The arrow hits the adder.
The adder is severely wounded.
The adder misses you. You furiously retaliate!
You headbutt the adder!
You kill the adder!
You shoot an arrow.
The arrow hits the worm but does no damage.
The worm completely misses you.
You shoot an arrow. The arrow hits the worm.
The worm is lightly wounded.
The worm completely misses you.
You shoot an arrow. The arrow barely misses the worm.
The worm bites you.
Fire: a) +0 shortbow
Press: ? - help, Q - select action Shift-Dir - straight line, f/p - worm
Aim: a worm (79% to hit)
You shoot an arrow. The arrow hits the worm.
The worm is lightly wounded.
Unknown command.
Fire: a) +0 shortbow
Press: ? - help, Q - select action Shift-Dir - straight line, f/p - worm
Aim: a worm (lightly wounded, 79% to hit)
You shoot an arrow.
The arrow hits the worm but does no damage.
The worm is lightly wounded.
The worm bites you!
* * * LOW HITPOINT WARNING * * *
Fire: a) +0 shortbow
Press: ? - help, Q - select action Shift-Dir - straight line, f/p - worm
Aim: a worm (79% to hit)
You shoot an arrow. The arrow hits the worm.
The worm is moderately wounded.
The worm bites you!
You die...

#.........
#..?......
#......=..
#.........
#......<..
####.........
#............
#.@.......
.......w.......
.###......?..#.
#...........
..)..........
..............
......#........
...##..........


You could see a worm.

Vanquished Creatures
  An adder (D:2)
  6 ball pythons (D:1)
  A bat (D:1)
  5 endoplasms (D:1)
  2 giant cockroaches (D:1)
  10 hobgoblins (D:1)
  3 jackals (D:1)
  3 kobolds
  A quokka (D:1)
  A frilled lizard (D:1)
  A goblin (D:1)
34 creatures vanquished.

Notes
Turn   | Place    | Note
-------+----------+-------------------------------------------
     0 | D:1      | safid the Minotaur Hunter began the quest for the Orb.
     0 | D:1      | Reached XP level 1. HP: 18/18 MP: 0/0
   142 | D:1      | Reached XP level 2. HP: 19/25 MP: 1/1
   320 | D:1      | Reached skill level 5 in Ranged Weapons
   551 | D:1      | Reached XP level 3. HP: 31/31 MP: 2/2
   755 | D:1      | Found a faded altar of an unknown god.
   803 | D:2      | Slain by a worm

Illustrated notes

Levels and vault maps discovered:
D:1:      minmay_arrival_split_and_join, layout_rooms,
          dreamdust_ecumenical_altar_angels_and_demons, minmay_tiny_reverse_x
D:2:      layout_rooms

Skill      XL: |  1  2 |
---------------+-------+-----
Fighting       | 3 |  3.0
Ranged Weapons | 5 |  5.6
Dodging        | |  2.1
Stealth        | |  0.7

Action                   || total
-------------------------++-------
 Fire: Shortbow          ||    94
Armor: Leather armour    ||    12
Dodge: Dodged            ||    52
